 Dungeon Crawl Stone Soup version 0.27-a0-492-ga4bb394fd4 (webtiles) character file.

Game seed: 17587623351962045877

63 Nattfarinn the Changer (level 4, 0/28 HPs)
             Began as an Octopode Transmuter on Mar 2, 2021.
             Slain by a gnoll (9 damage)
             ... on level 1 of the Dungeon.
             The game lasted 00:01:52 (1711 turns).

Nattfarinn the Changer (Octopode Transmuter)        Turns: 1711, Time: 00:01:53

Health: 0/28       AC:  1    Str:  9    XL:     4   Next: 9%
Magic:  7/7        EV: 13    Int: 16    God:
Gold:   36         SH:  0    Dex: 12    Spells: 6/7 levels left

rFire    . . .     SeeInvis +     - Unarmed
rCold    . . .     Faith    .   (no shield)
rNeg     . . .     Spirit   .   (helmet restricted)
rPois    .         Reflect  .   (no amulet)
rElec    .         Harm     .   g - ring of see invisible
rCorr    .         Rampage  .   (no ring)
Will     .....                  (no ring)
Stlth    ++........             (no ring)
HPRegen  0.09/turn              (no ring)
MPRegen  0.10/turn              (no ring)
                                (no ring)
                                (no ring)

@: no status effects
A: almost no armour, stealthy swim, amphibious, 8 rings, constrict 8, camouflage
1, gelatinous body 1
a: no special abilities


You were on level 1 of the Dungeon.
You visited 1 branch of the dungeon, and saw 2 of its levels.

You collected 36 gold pieces.

Inventory:

Jewellery
 g - a ring of see invisible (left tentacle)
Scrolls
 a - a scroll of teleportation {unknown}
 d - 2 scrolls of identify {unknown}
 h - a scroll of fog {unknown}
Potions
 b - a potion of curing {unknown}
 c - a potion of cancellation {unknown}
 e - a potion of lignification {unknown}
 f - a potion of heal wounds {unknown}


   Skills:
 - Level 1.0 Fighting
 - Level 2.0 Dodging
 - Level 3.0 Unarmed Combat
 - Level 2.0 Spellcasting
 + Level 4.2 Transmutations


You had 6 spell levels left.
You knew the following spells:

 Your Spells              Type           Power        Failure   Level
a - Beastly Appendage     Tmut           30%          3%          1

Your spell library contained the following spells:

 Spells                   Type           Power        Failure   Level
 Wereblood                Tmut           15%          5%          2
 Spider Form              Tmut/Pois      4%           26%         3
 Ice Form                 Ice/Tmut       8%           65%         4
 Blade Hands              Tmut           7%           69%         5


Dungeon Overview and Level Annotations

Branches:
Dungeon (2/15)

Altars:


Innate Abilities, Weirdness & Mutations

You cannot wear most types of armour.
You are very stealthy in the water. (Stealth+)
You are amphibious.
You can wear up to eight rings at the same time.
You can use your tentacles to constrict eight enemies at once.
Your skin changes colour to match your surroundings (Stealth+).
Your rubbery body absorbs attacks. (AC +1, EV +1)


Message History

Found 12 gold pieces.
The helpless gnoll fails to defend itself.
You tentacle-slap the gnoll. You grab the gnoll.
The gnoll is moderately wounded.
You constrict the gnoll, but do no damage.
The gnoll closely misses you.
You tentacle-slap the gnoll.
The gnoll is heavily wounded.
You constrict the gnoll.
The gnoll shouts!
You hear a shout!
The gnoll closely misses you.
A gnoll comes into view. It is wielding a +0 spear.
You release your grip on the gnoll.
The gnoll shouts!
You tentacle-slap the gnoll. You grab the gnoll.
The gnoll is lightly wounded.
You constrict the gnoll, but do no damage.
The gnoll closely misses you.
You tentacle-slap the gnoll.
The gnoll is heavily wounded.
You constrict the gnoll.
The gnoll hits you from afar with a +0 spear.
The gnoll hits you!
You tentacle-slap the gnoll. Your squeeze misses the gnoll.
The gnoll is severely wounded.
You constrict the gnoll. The gnoll misses you. The gnoll hits you!
* * * LOW HITPOINT WARNING * * *
You release your grip on the gnoll.
Things that are here:
a +0 short sword; a +0 chain mail
There is a stone staircase leading up, spattered with blood here.
The gnoll misses you.
You climb upwards.
There is a stone staircase leading down here.
You tentacle-slap the gnoll but do no damage.
You grab the gnoll.
The gnoll is heavily wounded.
You constrict the gnoll, but do no damage.
The gnoll hits you!
You die...

#..........##.........#
############....#####.........##
#...[........................)'.
############....#####.........##
♣........#####.........#
♣♣♣♣♣###........'.........#
♣♣♣..♣.♣##.....####.........#
♣PP......#..................##
♣P...P..#..g@................
♣♣.P♣P♣.#####.....###########
♣P♣♣♣♣.......................
#♣♣♣♣...♣.♣##)###############
#......).......## #######.
#......♣.♣......# #.......
#......#........# #.#####'
#......♣.♣......# #.#PPP#.
#......#........#####.#P⌠P#.


You could see a gnoll.

Vanquished Creatures
  Terence (D:2)
  An ooze (D:1)
  5 goblins (D:1)
  5 hobgoblins (D:1)
  4 jackals (D:1)
  A quokka (D:2)
  A ball python (D:1)
  5 bats (D:1)
  A frilled lizard (D:1)
  A kobold (D:1)
  5 rats (D:1)
30 creatures vanquished.

Notes
Turn   | Place    | Note
-------+----------+-------------------------------------------
     0 | D:1      | Nattfarinn the Octopode Transmuter began the quest for the
                  | Orb.
     0 | D:1      | Reached XP level 1. HP: 13/13 MP: 3/3
    42 | D:1      | Reached XP level 2. HP: 11/18 MP: 5/5
   280 | D:1      | Reached skill level 3 in Transmutations
   856 | D:1      | Reached XP level 3. HP: 23/23 MP: 6/6
  1516 | D:2      | Noticed Terence
  1529 | D:2      | Killed Terence
  1530 | D:2      | Reached skill level 4 in Transmutations
  1530 | D:2      | Reached XP level 4. HP: 16/28 MP: 7/7
  1711 | D:1      | Slain by a gnoll

Illustrated notes

Levels and vault maps discovered:
D:1:      beargit_arrival_greenhouse, layout_basic, serial_forest,
          infiniplex_forest_clump_cross, infiniplex_forest_clump_tiny,
          infiniplex_forest_lined_2, infiniplex_forest_zigzag_1,
          infiniplex_forest_lined_corner, infiniplex_forest_end_2,
          infiniplex_forest_clump_double, infiniplex_forest_lined_corner,
          infiniplex_forest_lined_2, minmay_misc_feat_four_crosses
D:2:      layout_loops_cross, trog_book, uniq_crazy_yiuf_cottage, uniq_natasha,
          uniq_terence

Skill      XL: |  1  2  3 |
---------------+----------+-----
Transmutations | 3 4 |  4.2
Fighting       | |  1.0
Dodging        | |  2.0
Unarmed Combat | |  3.0
Spellcasting   | |  2.0

Action                   |  1- 3 |  4- 6 || total
-------------------------+-------+-------++-------
Melee: Unarmed           |    80 |     6 ||    86
       Tentacles         |    10 |       ||    10
       Constrict         |    21 |     3 ||    24
 Stab: Sleeping          |     4 |     1 ||     5
Armor: Skin              |     7 |       ||     7
Dodge: Dodged            |    49 |     5 ||    54

Table legend: (Time is in decaauts)
 A = Elapsed time spent in this place.
 B = Non-inter-level travel time spent in this place.
 C = Inter-level travel time spent in this place.
 D = Time resting spent in this place.
 E = Time spent auto-exploring this place.
 F = Levels seen in this place.
 G = Mean time per level.
                   A        B        C        D        E       F      G
               +--------+--------+--------+--------+--------+-----+--------+
         Total |   1706 |   1690 |     16 |    575 |    912 |   2 |  853.0 |
       Dungeon |   1706 |   1690 |     16 |    575 |    912 |   2 |  853.0 |
               +--------+--------+--------+--------+--------+-----+--------+

Top non-repeatable levels by time:
     D:1: 1514 daAuts
     D:2: 191 daAuts
